 Dungeon Crawl Stone Soup version 0.31-a0-963-ga325b2283a (webtiles) character file.

Game seed: 15375614708107585201

2183 Bnni the Scholar of Death (level 9, -3/61 (69) HPs)
             Began as a Demonspawn Necromancer on Oct 24, 2023.
             Was a Follower of Kikubaaqudgha.
             Slain by a wight
             ... wielding a +1 mace
              (9 damage)
             ... on level 6 of the Dungeon.
             The game lasted 00:14:07 (5382 turns).

Bnni the Scholar of Death (Demonspawn Necromancer)  Turns: 5382, Time: 00:14:08

HP:   -3/61 (69)    AC: 12    Str: 10    XL:     9   Next: 11%
MP:   0/17          EV:  9    Int: 19    God:    Kikubaaqudgha [*.....]
Gold: 434           SH:  4    Dex: 14    Spells: 11/19 levels left

rFire   + . .        j - +2 whip (drain)
rCold   . . .        n - +0 buckler
rNeg    . . .        i - +0 ring mail
rPois   .            (no helmet)
rElec   .            e - +2 cloak
rCorr   .            z - +0 pair of gloves
SInv    .            (no boots)
Will    .....        (no amulet)
Stlth   +            q - ring of protection from fire
HPRegen 0.30/turn    (no ring)
MPRegen 0.30/turn

%: guardian spirit
@: heavily drained
A: thin metallic scales 2, magic shield, magic regeneration, bedeviling,
weakness stinger 1
a: Renounce Religion, Unearth Wretches


You were on level 6 of the Dungeon.
You worshipped Kikubaaqudgha.
Kikubaaqudgha was aware of your devotion.
You visited 1 branch of the dungeon, and saw 7 of its levels.

You collected 434 gold pieces.

Inventory:

Hand Weapons
 j - a +2 whip of draining (weapon)
 B - a +0 trident
Missiles
 t - 6 javelins
 v - 16 poisoned darts
Armour
 e - a +2 cloak (worn)
 i - a +0 ring mail (worn)
 n - a +0 buckler (worn)
 s - a +0 chain mail
 u - a +0 kite shield
 z - a +0 pair of gloves (worn)
Jewellery
 q - a ring of protection from fire (left hand)
Wands
 g - a wand of roots (5)
 G - a wand of flame (8)
Scrolls
 d - 2 scrolls of teleportation
 m - a scroll of fog
 o - 2 scrolls of brand weapon {unknown}
 p - a scroll of acquirement {unknown}
 r - a scroll of blinking
 w - a scroll of torment {unknown}
 x - a scroll of amnesia {unknown}
 y - a scroll of enchant armour
 D - a scroll of poison {unknown}
 F - a scroll of revelation {unknown}
Potions
 a - a potion of lignification {unknown}
 b - a potion of magic
 c - a potion of curing
 f - 2 potions of haste {unknown}
 h - 2 potions of cancellation {unknown}
 k - 2 potions of brilliance {unknown}
 l - a potion of resistance {unknown}
 A - a potion of might {unknown}
 C - a potion of mutation {unknown}
 E - a potion of enlightenment {unknown}


   Skills:
 + Level 5.8 Fighting
 + Level 0.6 Armour
 - Level 1.7 Dodging
 - Level 1.7 Stealth
 + Level 5.8 Spellcasting
 * Level 10.3 Necromancy


You had 11 spell levels left.
You knew the following spells:

 Your Spells              Type           Power      Damage    Failure   Level
a - Necrotise             Necr           100%       1d9       1%          1
c - Vampiric Draining     Necr           45%        2d9       1%          3
d - Animate Dead          Necr           45%        N/A       6%          4

Your spell library contained the following spells:

 Spells                   Type           Power      Damage    Failure   Level
 Kiss of Death            Conj/Necr      100%       2d13      5%          1
 Agony                    Necr           45%        N/A       17%         5
 Magic Dart               Conj           20%        1d4       41%         1
 Call Imp                 Summ           10%        N/A       56%         2
 Hailstorm                Conj/Ice       5%         3d4       80%         3
 Mephitic Cloud           Conj/Pois/Air  5%         N/A       80%         3
 Summon Ice Beast         Ice/Summ       5%         N/A       99%         4
 Simulacrum               Ice/Necr       12%        N/A       100%        6


Dungeon Overview and Level Annotations

Branches:
Dungeon (7/15)             Temple (0/1) D:5

Altars:
Cheibriados
Dithmenos
Kikubaaqudgha
Makhleb
Qazlal
Ru
Trog
Wu Jian

Shops:
D:3 (

Annotations:
D:7 1 runed translucent door, Heedrag's ghost, novice GrEE


Innate Abilities, Weirdness & Mutations

You are mostly covered in thin metallic scales. (AC +3)
When hurt, damage is shared between your health and your magic reserves.
You regenerate magic rapidly.
Your hexes are more powerful.
You have a small tail.


Message History

Kikubaaqudgha calls piteous wretches from the earth!
A wyvern, an orc and a dart slug come into view.
You block the wight's attack.
Unknown command.
Casting: Vampiric Draining (safe; 1% risk of failure)
Confirm with . or Enter, or press ? or * to list all spells.
You don't have enough magic to cast this spell.
Unknown command.
Unknown command.
Aiming: Necrotise (safe; 1% risk of failure)
Press: ? - help, Q - select action, (/) - cycle Shift-Dir - straight line, f - wyvern
Aim: a wyvern (almost dead, paralysed, chance to affect: 93%)
The wight is unaffected.
The wight hits you with a +1 mace.
* * * LOW HITPOINT WARNING * * *
Unknown command.
Aiming: Necrotise (safe; 1% risk of failure)
Press: ? - help, Q - select action, (/) - cycle Shift-Dir - straight line, p - wyvern The wyvern writhes in agony.
You kill the wyvern!
That felt strangely unrewarding.
The dead are flying!
The wight closely misses you.
A nearby orc perishes wretchedly.
A nearby dart slug perishes wretchedly.
Unknown command.
Unknown command.
You feel better. The wight hits you with a +1 mace.
* * * LOW HITPOINT WARNING * * *
Unknown command.
You hit the wight.
The wight is lightly damaged.
The wight hits you with a +1 mace!
* * * LOW HITPOINT WARNING * * *
Your wyvern skeleton bites the wight but does no damage.
Unknown command.
You hit the wight but do no damage.
The wight is lightly damaged.
Your wyvern skeleton barely misses the wight.
The wight hits you with a +1 mace!
You die...
Kikubaaqudgha rasps: "You have failed me!
Welcome... death!"

#...#######...Z.## #.
#...##........Z## ####### #.
####...##.####.#.## #.....#
#.
..................#####...>.#
#.
................#...........#
#.
.................†#####.....#
#. ####...##......#Z.#
###.....# #. #...####.####z>#
#......## #. #...# #.####@.#
#.####.# #. #...#
#.......###.####.# #.
##...####.####.....%...#.##
## #..........#
######.......# ###....#.##.##
#.##.#..##### .##.####.##.###
#............ ..............#
#.#####.#####
....#.Z..##.#.#######.......#
...###Z#.#.........##########


You could see a wight (ally target) and a friendly wyvern skeleton.

Vanquished Creatures
  Sigmund (D:4)
  A wyvern (D:6)
  An orc warrior (D:6)
  3 ice beasts
  3 black bears
  An ogre (D:6)
  2 centaurs (D:7)
  The ghost of Talonman3 the Grave Robber, an amateur KoNe (D:3)
  A kobold brigand (D:5)
  A gnoll sergeant (D:6)
  A scorpion (D:7)
  A killer bee (D:5)
  A hound (D:4)
  3 orc priests
  7 iguanas (D:5)
  6 orc wizards
  A gnoll (D:6)
  12 adders
  A white imp (D:5)
  4 ufetubi
  2 worms (D:3)
  19 orcs
  2 bats
  5 endoplasms
  2 giant cockroaches
  5 goblins
  7 hobgoblins
  9 jackals
  14 kobolds
  2 quokkas
  6 ball pythons
  5 rats
130 creatures vanquished.

Vanquished Creatures (collateral kills)
  A phantom (D:5)
  A hound (D:5)
  An iguana (D:5)
  2 gnolls (D:6)
  A shadow imp (D:6)
  A frilled lizard (D:1)
7 creatures vanquished.

Vanquished Creatures (others)
  2 orc zombies
  An adder zombie (D:6)
  A dart slug (D:6)
  An orc (D:6)
  A jackal zombie (D:5)
6 creatures vanquished.

Grand Total: 143 creatures vanquished

Notes
Turn   | Place    | Note
-------+----------+-------------------------------------------
     0 | D:1      | Bnni the Demonspawn Necromancer began the quest for the
                  | Orb.
     0 | D:1      | Reached XP level 1. HP: 13/13 MP: 3/3
   165 | D:1      | Gained mutation: You are partially covered in thin metallic
                  | scales. (AC +2) [demonic ancestry]
   165 | D:1      | Reached XP level 2. HP: 16/20 MP: 1/5
   428 | D:1      | Reached skill level 1 in Fighting
   679 | D:2      | Reached skill level 5 in Necromancy
   679 | D:2      | Reached XP level 3. HP: 26/26 MP: 6/6
  1183 | D:2      | Learned a level 3 spell: Vampiric Draining
  1441 | D:3      | Gained mutation: You have a small tail. [demonic ancestry]
  1441 | D:3      | Reached XP level 4. HP: 32/32 MP: 7/7
  1612 | D:3      | Found a large runed translucent door.
  1613 | D:3      | Found a large runed translucent door.
  1617 | D:3      | Noticed Talonman3's ghost (amateur KoNe)
  1788 | D:3      | Found Uniergh's Antique Weapon Shop.
  1958 | D:3      | Killed Talonman3's ghost
  1959 | D:3      | Reached skill level 6 in Necromancy
  1959 | D:3      | Gained mutation: You regenerate magic rapidly. [demonic
                  | ancestry]
  1959 | D:3      | Reached XP level 5. HP: 27/38 MP: 9/9
  2052 | D:4      | Learned a level 4 spell: Animate Dead
  2299 | D:4      | Noticed Sigmund
  2332 | D:4      | Killed Sigmund
  2333 | D:4      | Gained mutation: Your hexes are more powerful. [demonic
                  | ancestry]
  2333 | D:4      | Reached XP level 6. HP: 20/47 MP: 1/11
  2477 | D:4      | Reached skill level 7 in Necromancy
  2743 | D:4      | Found a burning altar of Makhleb.
  2961 | D:5      | Entered Level 5 of the Dungeon
  2968 | D:5      | Found an ancient bone altar of Kikubaaqudgha.
  2984 | D:5      | Found a staircase to the Ecumenical Temple.
  3068 | D:5      | Became a worshipper of Kikubaaqudgha
  3113 | D:5      | Reached XP level 7. HP: 19/52 MP: 2/12
  3211 | D:5      | Reached skill level 8 in Necromancy
  3227 | D:5      | Noticed a two-headed ogre
  3466 | D:5      | Gained mutation: You are mostly covered in thin metallic
                  | scales. (AC +3) [demonic ancestry]
  3466 | D:5      | Reached XP level 8. HP: 61/61 MP: 14/14
  3690 | D:5      | Found an ornate altar of the Wu Jian Council.
  3740 | D:5      | Reached * piety under Kikubaaqudgha
  3740 | D:5      | Received a gift from Kikubaaqudgha
  3849 | D:5      | Reached skill level 9 in Necromancy
  4151 | D:6      | Reached skill level 5 in Spellcasting
  4226 | D:6      | Reached skill level 5 in Fighting
  4341 | D:6      | Identified the +3 sling of Huateod {drain, *Slow Int-5
                  | Dex+7 SInv}
  4387 | D:6      | Found a sacrificial altar of Ru.
  4393 | D:6      | Found a shadowy altar of Dithmenos.
  4478 | D:6      | Found a snail-covered altar of Cheibriados.
  4631 | D:6      | Found a stormy altar of Qazlal.
  4634 | D:6      | Noticed an air elemental
  5034 | D:7      | Reached skill level 10 in Necromancy
  5085 | D:7      | Found a runed translucent door.
  5134 | D:7      | Gained mutation: When hurt, damage is shared between your
                  | health and your magic reserves. [demonic ancestry]
  5134 | D:7      | Reached XP level 9. HP: 69/69 MP: 17/17
  5164 | D:7      | Found a bloodstained altar of Trog.
  5228 | D:7      | Noticed Heedrag's ghost (novice GrEE)
  5382 | D:6      | Slain by a wight

Illustrated notes

Levels and vault maps discovered:
D:1:      dpeg_arrival_simpleton_c, layout_basic
D:2:      layout_basic, roderic_roman_lattice, kennysheep_generic_room_14
D:3:      layout_loops_ring, ebering_ghost_disaster_area, serial_shops,
          nicolae_shop_tiny_statue_garden, serial_bayou_crossing
D:4:      layout_cave_pools, old_standard_altar, uniq_sigmund
D:5:      cheibrodos_fzero, layout_basic, nicolae_wu_jian_wuxing_cycle,
          kennysheep_little_box, minmay_temple_entry_nine_rooms
D:6:      layout_loops_cross, nicolae_qazlal_style_of_elements,
          nicolae_overflow_macrodata_refinement
D:7:      layout_rooms, lemuel_crystal_altar, elyvilon_altar_4,
          hellmonk_ghost_happy_afterlife, serial_bayou_lake_a

Skill      XL: |  1  2  3  4  5  6  7  8 |
---------------+-------------------------+-----
Fighting       | 1 2 3 4 5 |  5.8
Necromancy     | 5 6 7 8 10 | 10.3
Spellcasting   | 3 4 5 |  5.8
Armour         | |  0.6
Dodging        | |  1.7
Stealth        | |  1.7

Action                     |  1- 3 |  4- 6 |  7- 9 || total
---------------------------+-------+-------+-------++-------
  Melee: Dagger            |    31 |       |       ||    31
         Club              |     8 |       |       ||     8
         Unarmed           |     2 |       |       ||     2
         Whip              |    89 |   117 |   287 ||   493
         Punch             |     1 |       |       ||     1
         Tailslap          |       |    12 |    41 ||    53
  Throw: Dart              |       |       |     4 ||     4
   Cast: Necrotise         |    11 |     5 |     8 ||    24
         Vampiric Draining |       |     8 |    26 ||    34
         Animate Dead      |       |       |     3 ||     3
 Invoke: Unearth Wretches  |       |       |     1 ||     1
    Use: Scroll            |     3 |     2 |     1 ||     6
         Potion            |       |     1 |     3 ||     4
   Stab: Sleeping          |     7 |     1 |       ||     8
         Distracted        |       |       |     1 ||     1
 Armour: Robe              |    82 |   135 |    47 ||   264
         Ring mail         |       |       |   301 ||   301
  Dodge: Dodged            |    72 |    68 |   191 ||   331
  Block: Buckler           |     6 |    22 |    83 ||   111

Table legend: (Time is in decaauts)
 A = Elapsed time spent in this place.
 B = Non-inter-level travel time spent in this place.
 C = Inter-level travel time spent in this place.
 D = Time resting spent in this place.
 E = Time spent auto-exploring this place.
 F = Levels seen in this place.
 G = Mean time per level.
                   A        B        C        D        E       F      G
               +--------+--------+--------+--------+--------+-----+--------+
         Total |   5472 |   5298 |    174 |    264 |   3585 |   7 |  781.7 |
       Dungeon |   5472 |   5298 |    174 |    264 |   3585 |   7 |  781.7 |
               +--------+--------+--------+--------+--------+-----+--------+

Top non-repeatable levels by time:
     D:5: 1098 daAuts
     D:4: 987 daAuts
     D:6: 971 daAuts
     D:3: 846 daAuts
     D:1: 661 daAuts
     D:2: 543 daAuts
     D:7: 363 daAuts
